Map: Lightshade LE

Players

PattyMac - Winner!

  • Race: Protoss Protoss

Dolan

  • Race: Terran Terran

Event: DreamHack SC2 Masters 2021 Winter

VOD

Have the link to the VOD?

Description

Time

  • Played on: Oct. 5, 2021, 7:05 p.m.
  • Length: 11:02

All games in this series

Show
View Real Time Build Order
Export as new Build Order

PattyMac Protoss - Winner!

Build Orders: Oracle Opening, Blink Stalkers 

Get SALT Encoding   

  12  0:00  Probe  
  13  0:12  Probe  
  14  0:17  Pylon  
  14  0:24  Probe (Chrono Boost)  
  15  0:36  Probe (Chrono Boost)  
  15  0:37  Gateway  
  16  0:44  Probe (Chrono Boost)  
  16  0:46  Assimilator  
  17  0:50  Probe  
  17  0:55  Assimilator  
  18  1:03  Probe  
  19  1:06  Pylon  
  19  1:15  Probe  
  20  1:24  Cybernetics Core  
  20  1:27  Probe  
  23  1:39  Probe  
  24  1:49  Pylon  
  24  1:51  Probe  
  25  1:59  Adept (Chrono Boost)  
  25  2:04  Probe  
  25  2:07  Stargate  
  26  2:14  Warp Gate  
  26  2:16  Probe  
  26  2:21  Adept  
  29  2:49  Oracle (Chrono Boost)  
  29  2:55  Nexus  
  29  2:58  Probe  
  33  3:07  Twilight Council  
  34  3:12  Probe  
  34  3:24  Probe (Chrono Boost)  
  35  3:30  Gateway  
  35  3:36  Probe (Chrono Boost)  
  35  3:39  Gateway  
  36  3:42  Blink (Chrono Boost)  
  36  3:43  Probe (Chrono Boost)  
  37  3:54  Probe  
  38  4:04  Shield Battery  
  38  4:06  Probe  
  38  4:07  Probe  
  38  4:09  Sentry  
  42  4:19  Probe x2  
  44  4:26  Assimilator  
  44  4:28  Phoenix  
  44  4:31  Probe x2  
  45  4:34  Pylon  
  46  4:41  Stalker x2  
  46  4:43  Probe x2  
  46  4:45  Robotics Facility  
  52  4:48  Pylon  
  52  4:55  Stalker, Probe  
  52  4:57  Probe  
  56  5:07  Probe  
  56  5:09  Probe  
  58  5:19  Probe  
  59  5:23  Probe  
  59  5:24  Stalker x3  
  65  5:29  Pylon  
  65  5:31  Probe  
  65  5:35  Probe  
  67  5:47  Assimilator, Probe x2  
  68  5:53  Pylon  
  68  5:55  Stalker, Pylon  
  70  6:01  Probe  
  70  6:03  Immortal  
  68  6:04  Stalker  
  68  6:05  Probe  
  68  6:08  Stalker  
  69  6:18  Probe  
  69  6:19  Stalker  
  71  6:25  Probe  
  71  6:30  Probe  
  71  6:35  Stalker x2  
  71  6:41  Probe  
  71  6:45  Nexus  
  72  6:47  Pylon  
  72  6:52  Robotics Bay  
  72  6:55  Forge  
  72  7:00  Sentry  
  75  7:01  Observer (Chrono Boost)  
  75  7:05  Stalker  
  75  7:08  Probe x2  
  76  7:20  Probe, Shield Battery  
  77  7:24  Gateway  
  77  7:26  Gateway  
  77  7:27  Probe  
  78  7:30  Protoss Ground Weapons Level 1 (Chrono Boost)  
  78  7:32  Probe  
  78  7:33  Observer (Chrono Boost)  
  78  7:36  Gateway  
  80  7:39  Charge (Chrono Boost)  
  80  7:40  Gateway  
  80  7:55  Observer  
  80  7:58  Probe  
  79  8:01  Probe  
  78  8:06  Colossus (Chrono Boost)  
  78  8:08  Probe  
  78  8:10  Extended Thermal Lance  
  78  8:11  Zealot x3  
  91  8:19  Zealot  
  89  8:21  Stalker, Observer  
  89  8:23  Probe x3  
  94  8:33  Pylon  
  94  8:34  Zealot x3  
  94  8:38  Templar Archives  
  100  8:46  Colossus (Chrono Boost)  
  106  8:53  Zealot x3  
  112  8:58  Assimilator  
  112  9:05  Sentry x2  
  112  9:09  Pylon  
  116  9:18  Gateway  
  116  9:20  Pylon  
  116  9:22  Zealot  
  117  9:25  Pylon  
  117  9:27  Shield Battery  
  117  9:29  Probe x2  
  117  9:30  Photon Cannon, Assimilator, Probe  
  120  9:35  Stalker x3, Colossus (Chrono Boost)  
  130  9:52  Stalker x4  
  138  10:06  Observer  
  135  10:09  Zealot x3  
  141  10:16  Pylon  
  141  10:18  Probe x2  
  139  10:29  Stalker x2  
  139  10:30  Stalker x2  
  139  10:31  Stalker  
  133  10:36  Zealot x3  
Show
View Real Time Build Order
Export as new Build Order

Dolan Terran 

Build Orders:  

Get SALT Encoding   

  12  0:00  SCV  
  13  0:12  SCV  
  14  0:17  Supply Depot  
  14  0:24  SCV  
  15  0:38  SCV  
  15  0:40  Barracks  
  15  0:42  Refinery  
  16  0:50  SCV  
  17  1:03  SCV  
  18  1:15  SCV  
  19  1:27  Marine, Orbital Command  
  20  1:43  Supply Depot  
  20  1:53  SCV  
  21  1:54  Bunker  
  21  1:57  Barracks Reactor  
  21  2:00  Engineering Bay  
  21  2:02  Factory  
  21  2:11  Refinery  
  20  2:19  SCV  
  21  2:31  SCV  
  21  2:32  Marine x2  
  21  2:33  Command Center  
  24  2:43  SCV  
  24  2:44  Supply Depot  
  25  2:45  Factory Tech Lab  
  25  2:50  Marine  
  25  2:51  Marine  
  27  2:55  SCV  
  28  3:05  Starport  
  28  3:12  Cyclone  
  31  3:14  SCV  
  32  3:22  Marine x2  
  32  3:26  SCV  
  35  3:28  Supply Depot  
  33  3:43  SCV  
  34  3:49  Marine x2  
  34  3:52  Cyclone  
  34  3:54  Viking  
  41  4:04  SCV  
  41  4:09  Marine x2  
  44  4:16  SCV  
  45  4:24  Siege Tank  
  45  4:28  Liberator  
  45  4:29  Marine x2  
  53  4:41  SCV, Orbital Command  
  54  4:47  Marine x2  
  56  4:54  SCV  
  56  4:55  Supply Depot  
  57  5:04  Siege Tank  
  60  5:10  SCV x2  
  62  5:21  Marine x2  
  62  5:22  SCV  
  62  5:23  SCV  
  61  5:36  Siege Tank  
  61  5:44  Marine x2  
  61  5:45  Viking  
  57  5:58  SCV  
  57  5:59  SCV  
  53  6:09  Marine x2, Barracks  
  53  6:11  SCV x2  
  56  6:23  SCV x2  
  50  6:36  SCV x2  
  49  6:40  Engineering Bay  
  49  6:41  Barracks  
  49  6:48  SCV x2  
  51  6:57  Barracks Tech Lab  
  51  7:00  SCV x2, Starport Tech Lab  
  53  7:01  Marine x2  
  53  7:05  Refinery  
  55  7:12  SCV x2  
  57  7:16  Marine  
  57  7:19  Marine x2  
  60  7:23  Terran Infantry Weapons Level 1  
  60  7:24  SCV x2  
  62  7:36  SCV x2  
  64  7:38  Factory Reactor  
  64  7:39  Starport Reactor  
  64  7:42  Marine x2  
  64  7:43  Marauder, Supply Depot  
  70  7:44  Marauder  
  70  7:47  Refinery  
  70  7:48  SCV  
  70  7:53  SCV  
  60  8:07  Marauder x2, Marine x2  
  67  8:12  SCV  
  67  8:13  SCV  
  67  8:16  Barracks  
  67  8:17  Barracks  
  68  8:22  Stimpack  
  68  8:25  SCV x2  
  74  8:27  Widow Mine x2  
  74  8:34  Supply Depot  
  74  8:37  SCV x2  
  74  8:38  Marine x2  
  78  8:42  Supply Depot  
  78  8:44  Supply Depot  
  78  8:51  Widow Mine  
  78  8:56  Widow Mine, Medivac x2  
  78  8:57  Marine x2  
  78  8:58  Supply Depot  
  78  8:59  Marine  
  78  9:00  Combat Shield, Marine  
  86  9:10  Barracks Tech Lab, Barracks Reactor  
  86  9:13  Widow Mine  
  86  9:15  SCV x2  
  90  9:17  Widow Mine  
  90  9:21  Marauder x2, Marine x2  
  98  9:24  Supply Depot  
  98  9:27  SCV x2  
  98  9:32  Medivac x2  
  98  9:34  Widow Mine  
  103  9:39  Widow Mine  
  103  9:49  Marauder, Marine x2  
  103  9:50  Marauder x2, Marine x2  
  112  9:57  Widow Mine  
  114  10:00  Widow Mine  
  113  10:07  Medivac x2  
  117  10:24  SCV, Command Center  
  113  10:34  Marauder x3, Marine x4  
  106  10:49  SCV x2  

Tags
 
Add a new tag
Caveats
  • Supply blocks, unpowered buildings, or Contaminate may cause inaccurate times.
  • Supply counts are checked every 10 seconds.